AoeStats
← ReidTheWombat

Arena

509332449Analyzed
3v3 RM · 4d ago on Sep 26, 2026· 50m 11s· 6 players
Game mode
Random Map
Map size
Normal (6 player)
Population
200
Speed
Normal
Resources
Standard
Victory
Conquest
Starting age
Dark Age
Ending age
Imperial Age
RankedLock teamsTeams togetherTeam positionsShared explorationLock speedFull tech treeHidden civsTurbo modeCheats
Victory
Defeat
🇪🇸 Turks · Spain
1166
+12
🇧🇪 Portuguese · Belgium
1125
+14
🇺🇦 Bohemians · Ukraine
1056
+16
🇦🇺 Goths · Australia
1102
-15
🇦🇺 Cumans · Australia
1093
-15
🇬🇧 Armenians · United Kingdom
1033
-12
Petit_Pois
10:06 Feudal Age
14:07 Castle Age
15:16 Fletching
15:42 Loom
Panic A-Move
10:28 Feudal Age
15:01 Castle Age
13:27 Double-Bit Axe
14:03 Horse Collar
15:47 Wheelbarrow
16:02 Town Watch
16:59 Bow Saw
17:15 Fervor
20:22 Chemistry
20:45 Heavy Plow
22:41 Squires
26:04 Hand Cart
29:27 Imperial Age
28:22 Padded Archer Armor
31:08 Siege Engineers
30:46 Pikeman
31:31 Scale Mail Armor
31:50 Leather Archer Armor
32:37 Two-Man Saw
32:56 Halberdier
35:57 Chain Mail Armor
35:53 Forging
39:29 Houfnice
45:26 Plate Mail Armor
45:32 Iron Casting
45:28 Conscription
49:32 Wagenburg Tactics
49:51 Arson
51:08 Blast Furnace
PERE NOEL
11:32 Feudal Age
12:20 Loom
15:12 Castle Age
16:03 Double-Bit Axe
19:55 Bow Saw
29:54 Imperial Age
32:35 Wheelbarrow
37:25 Chemistry
37:09 Elite Organ Gun
39:46 Conscription
43:10 Arquebus
Botgamer928
8:28 Loom
11:58 Feudal Age
12:15 Man-at-Arms
13:29 Long Swordsman
16:17 Forging
19:21 Scale Mail Armor
24:39 Castle Age
24:07 Horse Collar
28:05 Fletching
35:24 Ballistics
39:32 Imperial Age
37:15 Padded Archer Armor
38:24 Bodkin Arrow
38:44 Leather Archer Armor
38:41 Double-Bit Axe
38:47 Gold Mining
39:01 Heavy Plow
40:49 Bracer
41:56 Chemistry
41:43 Conscription
44:17 Ring Archer Armor
43:19 Elite Composite Bowman
44:34 Scale Barding Armor
45:04 Iron Casting
44:46 Light Cavalry
47:18 Bloodlines
ReidTheWombat
10:33 Feudal Age
11:00 Double-Bit Axe
11:01 Horse Collar
11:26 Man-at-Arms
12:55 Scale Mail Armor
13:25 Forging
21:05 Wheelbarrow
20:17 Loom
23:51 Castle Age
22:25 Gold Mining
24:55 Bow Saw
25:00 Squires
25:43 Chain Mail Armor
26:05 Iron Casting
25:58 Heavy Plow
30:18 Imperial Age
27:54 Fletching
30:43 Bodkin Arrow
31:26 Bracer
32:27 Blast Furnace
34:44 Blast Furnace
35:57 Long Swordsman
37:44 Perfusion
RedTheWeasel
8:10 Loom
9:55 Feudal Age
13:14 Forging
15:11 Forging
19:04 Loom
25:01 Castle Age
24:21 Scale Barding Armor
24:15 Horse Collar
24:31 Double-Bit Axe
25:47 Bloodlines
27:24 Chain Barding Armor
31:10 Heavy Plow
36:36 Bow Saw
43:00 Light Cavalry
46:23 Imperial Age
43:42 Town Watch
44:41 Wheelbarrow
44:35 Forging
47:06 Iron Casting
46:33 Hussar
48:21 Hand Cart
Connection lost

Rejoining the realm…

Still unreachable

The connection could not be restored.

Session expired

The server has moved on; the page needs a fresh start.